 Dungeon Crawl Stone Soup version 0.31-a0-219-g8d62b2e7bb (webtiles) character file.

Game seed: 1040449675654966945

93 qw the Chopper (level 4, -4/28 HPs)
             Began as a Gargoyle Fighter on July 3, 2023.
             Slain by a lemure (6 damage)
             ... led by Pikel
             ... on level 3 of the Dungeon.
             The game lasted 00:00:53 (2155 turns).

qw the Chopper (Gargoyle Fighter)                   Turns: 2155, Time: 00:00:53

Health: -4/28      AC: 12    Str: 24    XL:     4   Next: 61%
Magic:  4/4        EV:  9    Int:  9    God:
Gold:   133        SH:  4    Dex:  9    Spells: 3/3 levels left

rFire   + . .        Y - +1 war axe
rCold   . . .        c - +0 buckler
rNeg    + . .        b - +0 scale mail
rPois   inf          (no helmet)
rElec   +            (no cloak)
rCorr   .            a - +1 pair of gloves of Light {Rampage rF+ Str+3}
SInv    .            (no boots)
Will    .....        (no amulet) Stlth
                     (no ring)
HPRegen 0.24/turn    (no ring)
MPRegen 0.09/turn

%: rampage
@: no status effects
A: sickness immunity, AC +3, negative energy resistance 1, electricity
resistance, torment resistance 1, petrification resistance
a: no special abilities


You were on level 3 of the Dungeon.
You visited 1 branch of the dungeon, and saw 4 of its levels.

You collected 133 gold pieces.


Innate Abilities, Weirdness & Mutations

You are immune to sickness and miasma.
Your stone body is resilient. (AC +3)
You are immune to poison.
You resist negative energy. (rN+)
You are resistant to electric shocks. (rElec)
You are resistant to unholy torment.
You are immune to petrification.


   Skills:
 - Level 3.2 Fighting
 + Level 4.2 Axes
 - Level 3.2 Armour
 - Level 3.2 Shields


You had 3 spell levels left.
You didn't know any spells.
Your spell library was empty.

Inventory:

Hand Weapons
 e - a +0 mace
 Y - a +1 war axe (weapon)
Armour
 a - the +1 pair of gloves of Light (worn) {Rampage rF+ Str+3}
   (You acquired it on level 1 of the Dungeon)

   Str:       It affects your strength (+3).
   rF:        It protects you from fire.
   Rampage:   It bestows one free step when moving towards enemies.
 b - a +0 scale mail (worn)
 c - a +0 buckler (worn)
Jewellery
 n - a ring of ice
Potions
 d - a potion of might
 f - a potion of brilliance {unknown}
 h - a potion of curing
 i - a potion of mutation {unknown}
 j - a potion of haste {unknown}
 m - a potion of berserk rage {unknown}

Dungeon Overview and Level Annotations

Branches:
Dungeon (4/15)
 Temple: D:4-7

Altars:

Annotations:
D:3 Pikel


Message History

You hit Pikel but do no damage. You hit the lemure.
You completely miss the lemure. The lemure hits you.
Pikel hits you but does no damage. The lemure hits you but does no damage.
The lemure hits you. The lemure barely misses you.
You block the lemure's attack. Pikel hits you but does no damage.
The lemure hits you but does no damage.
You hit the lemure.
The lemure is moderately wounded.
You barely miss the lemure. You hit the lemure. You hit Pikel.
The lemure hits you. You block Pikel's attack.
The lemure hits you but does no damage. x2
You hit the lemure but do no damage.
The lemure is moderately wounded.
You miss Pikel. You hit the lemure. You slash the lemure!
The lemure closely misses you. Pikel misses you. The lemure hits you. x2
You slash the lemure!
The lemure is almost dead.
You hit the lemure. You barely miss Pikel. You closely miss the lemure.
The lemure hits you but does no damage. Pikel hits you but does no damage.
The lemure barely misses you. x2; The lemure completely misses you.
The lemure hits you but does no damage.
Pikel hits you with a +1 whip of freezing.
Pikel freezes you. The lemure hits you but does no damage.
You slash the lemure!
You kill the lemure!
That felt strangely unrewarding.
You hit the lemure but do no damage. You hit Pikel. You hit the lemure.
The lemure hits you.
Pikel hits you with a +1 whip of freezing.
Pikel freezes you. The lemure barely misses you.
You closely miss the lemure.
The lemure is heavily wounded.
You closely miss the lemure. You slash Pikel! The lemure hits you.
Pikel hits you but does no damage. You block the lemure's attack.
You barely miss the lemure.
The lemure is heavily wounded.
You hit Pikel but do no damage. You hit the lemure. The lemure hits you.
You die...

###.##.########..#.###.##
..#.#........##..#.# #..#
#.#.#.#.##.........# ##.#
#.......##...##....# #%#
#.###.(..........#.# #.#
).......#######..#.# #.#
#.###...#######..#.# #.#
#................#.# #.#
#.#.#...########@#.####.#
##......# #.(.5K5......#
##.#...####..##.########
###...........##.#
.####¤¤.......##.#
.....¤¤¤########.#
######¤¤########.#
######¤¤¤¤.......#
.....¤¤###########


You could see Pikel and 2 lemures.

Vanquished Creatures
  A lemure (D:3)
  An iguana (D:3)
  2 adders (D:2)
  2 worms (D:2)
  An orc (D:3)
  4 ball pythons
  A bat (D:2)
  5 endoplasms
  4 giant cockroaches
  3 hobgoblins
  3 jackals (D:1)
  3 quokkas
  A frilled lizard (D:2)
  4 goblins
  4 rats (D:2)
39 creatures vanquished.

Notes
Turn   | Place    | Note
-------+----------+-------------------------------------------
     0 | D:1      | qw the Gargoyle Fighter began the quest for the Orb.
     0 | D:1      | Reached XP level 1. HP: 14/14 MP: 1/1
     0 | D:1      | 0 ||| qw: Version: 0.3-a-40-ge99b1a8
     0 | D:1      | 0 ||| qw: Game counter: 364
     0 | D:1      | 0 ||| qw: Melee chars always use a shield: true
     0 | D:1      | 0 ||| qw: God list: Okawaru
     0 | D:1      | 0 ||| qw: Allow faded altars: false
     0 | D:1      | 0 ||| qw: Do Orc after clearing Dungeon:15 true
     0 | D:1      | 0 ||| qw: Do second Lair branch before Depths: true
     0 | D:1      | 0 ||| qw: Lair rune preference: random
     0 | D:1      | 0 ||| qw: Goals: Normal, Zot:1-4, Slime:5, God:TSO, Crypt,
                  | Tomb, Abyss, Pan, Hells, Win
     0 | D:1      | 0 ||| PLANNING D:1-11
    55 | D:1      | Reached skill level 2 in Axes
   124 | D:1      | Reached XP level 2. HP: 14/19 MP: 2/2
   411 | D:1      | Found a faded altar of an unknown god.
   677 | D:1      | 677 ||| READING scroll labelled EMMOOSTRUUFF.
   677 | D:1      | Identified a scroll of acquirement
   677 | D:1      | 677 ||| ACQUIRING +1 pair of gloves of Light {Rampage rF+
                  | Str+3}
   677 | D:1      | Acquired the +1 pair of gloves of Light {Rampage rF+ Str+3}
   679 | D:1      | 679 ||| UPGRADING to +1 pair of gloves of Light {Rampage
                  | rF+ Str+3}.
   684 | D:1      | 684 ||| READING scroll labelled CAOM SOPOC.
   685 | D:1      | 685 ||| DRINKING 2 viscous ruby potions.
   768 | D:2      | Reached skill level 3 in Axes
   825 | D:2      | 825 ||| Stepping ~*~*~tactically~*~*~ (stealth).
   827 | D:2      | 827 ||| Stepping ~*~*~tactically~*~*~ (stealth).
   830 | D:2      | Reached XP level 3. HP: 23/23 MP: 3/3
  1383 | D:2      | 1383 ||| DROPPING scarf of shadows.
  1384 | D:2      | 1384 ||| READING scroll labelled LOSKUT VYLOUNT.
  1389 | D:2      | 1389 ||| READING scroll labelled JEEBUR BU POIPE.
  1390 | D:2      | 1390 ||| READING scroll labelled POK JEALAMUAFF.
  1391 | D:2      | 1391 ||| READING scroll labelled EJUPRO RATTO.
  1508 | D:3      | Reached XP level 4. HP: 28/28 MP: 4/4
  1650 | D:3      | Reached skill level 4 in Axes
  1756 | D:3      | Identified the +0 robe of Discretion {Int+6}
  2128 | D:3      | 2128 ||| READING scroll labelled FINIWK VOG QEL.
  2129 | D:3      | 2129 ||| READING scroll labelled EDDIOGONLUO.
  2130 | D:3      | 2130 ||| READING scroll labelled ORUKHUZXOSO.
  2143 | D:4      | Noticed Pikel
  2143 | D:4      | Noticed a lemure
  2143 | D:4      | Noticed a lemure
  2143 | D:4      | Noticed a lemure
  2147 | D:4      | 2147 ||| STAIRDANCE
  2147 | D:4      | Noticed a scorpion
  2153 | D:3      | Killed a lemure
  2153 | D:3      | HP: 6/28 [Pikel/+1 whip of freezing (3)]
  2154 | D:3      | HP: 2/28 [lemure[Pikel] (4)]
  2155 | D:3      | Slain by a lemure

Levels and vault maps discovered:
D:1:      minmay_arrival_five_plusses, layout_loops_ring,
          ebering_ecumenical_altar_mist
D:2:      layout_loops_ring
D:3:      layout_loops_ring
D:4:      layout_cave_pools, uniq_pikel

Skill      XL: |  1  2  3  4 |
---------------+-------------+-----
Axes           | 2 3 4 |  4.2
Fighting       | |  3.2
Armour         | |  3.2
Shields        | |  3.2

Action                     |  1- 3 |  4- 6 || total
---------------------------+-------+-------++-------
  Melee: War axe           |   107 |    28 ||   135
    Use: Scroll            |     6 |     3 ||     9
         Potion            |     1 |       ||     1
 Armour: Scale mail        |    55 |    20 ||    75
  Dodge: Dodged            |    48 |    16 ||    64
  Block: Buckler           |    16 |     7 ||    23

Table legend:
 A = Non-vault XP
 B = Vault XP
 C = Vault XP percentage of total XP
 D = Non-vault monster count
 E = Vault monster count
 F = Vault count percentage of total count
                 A         B        C        D         E       F
            +---------+---------+-------+---------+---------+-------
      Total |     133 |       0 |   0.0 |      38 |       0 |   0.0
            +---------+---------+-------+---------+---------+-------
        D:1 |      20 |       0 |   0.0 |      11 |       0 |   0.0
        D:2 |      56 |       0 |   0.0 |      17 |       0 |   0.0
        D:3 |      57 |       0 |   0.0 |      10 |       0 |   0.0
            +---------+---------+-------+---------+---------+-------
